 Dungeon Crawl Stone Soup version 0.31.0-11-ge490571c62 (webtiles) character file.

Game seed: 14678138670884863954

4 sandwich the Trooper (level 1, -1/24 HPs)
             Began as an Oni Berserker on Jan 30, 2024.
             Was a Follower of Trog.
             Slain by a goblin
             ... wielding a +0 club
              (3 damage)
             ... on level 1 of the Dungeon.
             The game lasted 00:02:08 (168 turns).

sandwich the Trooper (Oni Berserker)                 Turns: 168, Time: 00:02:08

Health: -1/24      AC:  3    Str: 20    XL:     1   Next: 60%
Magic:  1/1        EV: 10    Int:  8    God:    Trog [*.....]
Gold:   10         SH:  0    Dex:  8    Spells: 0/0 levels left

rFire   . . .        a - +0 mace
rCold   . . .        (no shield)
rNeg    . . .        b - +0 animal skin
rPois   .            (helmet restricted)
rElec   .            (no cloak)
rCorr   .            (gloves unavailable)
SInv    .            (boots unavailable)
Will    .....        (no amulet)
Stlth   +            (no ring)
HPRegen 0.24/turn    (no ring)
MPRegen 0.07/turn

%: no passive effects
@: no status effects
A: large, unfitting armour, horns 1, tough skin 1, double potion healing,
drunken brawling
a: Renounce Religion, Berserk


You were on level 1 of the Dungeon.
You worshipped Trog.
Trog was aware of your devotion.
You visited 1 branch of the dungeon, and saw 1 of its levels.

You collected 10 gold pieces.

Inventory:

Hand Weapons
 a - a +0 mace (weapon)
Armour
 b - a +0 animal skin (worn)
 f - a +0 robe
Scrolls
 c - a scroll of identify {unknown}
 g - 3 scrolls of poison {unknown}
Potions
 d - a potion of degeneration {unknown}
 e - a potion of enlightenment {unknown}


   Skills:
 + Level 4.1 Fighting
 + Level 3.1 Maces & Flails
 + Level 2.7 Dodging


You couldn't memorise any spells.
You didn't know any spells.
Your spell library was empty.

Dungeon Overview and Level Annotations

Branches:
Dungeon (1/15)

Altars:


Innate Abilities, Weirdness & Mutations

You are too large for most types of armour.
You have a pair of small horns on your head.
You have tough skin. (AC +1)
You gain doubled healing and magic from potions.
Whenever you drink a healing potion, you attack all around you.


Message History

The endoplasm quivers.
The hobgoblin hits you but does no damage.
You thump the hobgoblin!
You kill the hobgoblin!
Trog accepts your kill.
A goblin and a hobgoblin come into view.
The goblin shouts!
The hobgoblin shouts!
The endoplasm closely misses you.
You hit the endoplasm but do no damage. The endoplasm hits you.
You hit the endoplasm but do no damage. The endoplasm freezes you.
You are frozen.
The endoplasm freezes you.
You are frozen.
The endoplasm freezes you.
You are frozen.
You barely miss the hobgoblin. Your headbutt misses the hobgoblin.
You punch the hobgoblin, but do no damage.
The endoplasm freezes you.
You are frozen.
The hobgoblin hits you but does no damage.
The goblin hits you with a +0 club.
You hit the hobgoblin but do no damage. Your headbutt misses the hobgoblin.
The endoplasm completely misses you. The hobgoblin hits you.
The goblin hits you with a +0 club.
You barely miss the hobgoblin. The endoplasm freezes you.
You are frozen.
* * * LOW HITPOINT WARNING * * *
The hobgoblin misses you. The goblin closely misses you.
The hobgoblin hits you.
* * * LOW HITPOINT WARNING * * *
The endoplasm barely misses you. The goblin hits you with a +0 club.
* * * LOW HITPOINT WARNING * * *
You hit the hobgoblin but do no damage. The endoplasm freezes you.
You are frozen.
* * * LOW HITPOINT WARNING * * *
The hobgoblin barely misses you. The goblin hits you with a +0 club.
You die...

.# #.# #.# #..#.... #.#
..# #.# # #..#.#
.##.##..# #.# #. #..#.#
#.#.##..# #.# ..#..#..
#..##..# #.# . .....##
##.##..# #.#
...##!...###......# #.#
#.....gJ#.#......# #.#
......g@......>..####.#
#..#...###............#
...$... ####.#########
##.#... #.# # #... #.#
.... #.# ..... ..#
#.....


You could see an endoplasm, a hobgoblin and a goblin.

Vanquished Creatures
  A dart slug (D:1)
  A hobgoblin (D:1)
2 creatures vanquished.

Notes
Turn   | Place    | Note
-------+----------+-------------------------------------------
     0 | D:1      | sandwich the Oni Berserker began the quest for the Orb.
     0 | D:1      | Reached XP level 1. HP: 24/24 MP: 1/1
   168 | D:1      | Slain by a goblin

Illustrated notes

Levels and vault maps discovered:
D:1:      minmay_arrival_checkered_box, layout_loops_ring

Action                     || total
---------------------------++-------
  Melee: Mace              ||    11
         Headbutt          ||     1
         Punch             ||     1
 Invoke: Berserk           ||     1
 Armour: Animal skin       ||    11
  Dodge: Dodged            ||     8
